 Dungeon Crawl Stone Soup version 0.16-a0-1982-g8124c91 (webtiles) character file.

7446 timbw the Carver (level 10, -2/91 HPs)
             Began as a Minotaur Hunter on Nov 8, 2014.
             Was an Elder of Makhleb.
             Slain by a manticore (10 damage)
             ... on level 12 of the Dungeon.
             The game lasted 00:24:46 (3711 turns).

timbw the Carver (Minotaur Hunter)                  Turns: 3711, Time: 00:24:46

Health: -2/91      AC: 13    Str: 16    XL:     10   Next: 93%
Magic:  0/4        EV: 11    Int:  8    God:    Makhleb [****..]
Gold:   343        SH:  0    Dex: 15    Spells: 0 memorised, 9 levels left

rFire  . . .     SeeInvis .     q - +2 falchion (elec)
rCold  . . .     Clarity  .     k - +1 scale mail
rNeg   . . .     SustAb   .     (no shield)
rPois  .         Gourm    .     (helmet restricted)
rElec  .         Spirit   +     o - +0 cloak
rCorr  .         Warding  .     t - +0 pair of gloves
rMut   .         Stasis   .     n - +0 pair of boots
MR     .....                    r - amulet of guardian spirit
Stlth  ..........               (no ring)
                                (no ring)

@: manticore barbs, not resistant to hostile enchantments, extremely unstealthy
A: retaliatory headbutt, horns 2
a: Minor Destruction, Lesser Servant of Makhleb, Major Destruction, Renounce
Religion


You were on level 12 of the Dungeon.
You worshipped Makhleb.
Makhleb was greatly pleased with you.
You were not hungry.

You visited 2 branches of the dungeon, and saw 13 of its levels.

You collected 343 gold pieces.

Inventory:

Hand weapons
 a - a +0 short sword
 p - a +1 long sword
 q - a +2 falchion of electrocution (weapon)
Missiles
 c - 2 throwing nets
 j - a javelin (quivered)
Armour
 d - a +0 leather armour
 e - a +0 plate armour
 g - a +0 ring mail
 k - a +1 scale mail (worn)
 l - a +0 chain mail
 n - a +0 pair of boots (worn)
 o - a +0 cloak (worn)
 t - a +0 pair of gloves (worn)
Jewellery
 r - an amulet of guardian spirit (around neck)
 C - an uncursed ring of ice
 K - an uncursed ring of fire
Magical devices
 b - a wand of magic darts (30)
 s - a wand of paralysis (1)
 w - a wand of slowing (10)
 A - a wand of enslavement (10)
Scrolls
 y - 2 scrolls of remove curse
 z - a scroll of enchant weapon
 G - a scroll of blinking
 J - a scroll of magic mapping
Potions
 h - a potion of cancellation
 m - a potion of restore abilities
 v - a potion of agility {unknown}
 D - a potion of degeneration {unknown}
 E - a potion of mutation {unknown}
 F - a potion of curing
Miscellaneous
 I - a phial of floods
Comestibles
 f - 4 bread rations
 i - 2 meat rations
 u - 2 slices of pizza
 x - 2 beef jerkies
 H - 4 chunks of flesh


   Skills:
 + Level 9.0 Fighting
 * Level 13.4 Long Blades
 - Level 4.0 Throwing
 + Level 8.3 Armour
 + Level 7.9 Dodging
 - Level 0.7 Stealth


You had 9 spell levels left.
You didn't know any spells.

Dungeon Overview and Level Annotations

Branches:
Dungeon (12/15)            Temple (1/1) D:5            Lair (0/8) D:9
    Orc: D:9-12

Altars:
Ashenzari
Cheibriados
Dithmenos
Gozag
Kikubaaqudgha
Makhleb
Nemelex Xobeh
Okawaru
Ru
Sif Muna
Trog
Xom
Yredelemnul
Zin

Annotations:
D:6 Sigmund


Innate Abilities, Weirdness & Mutations

You reflexively headbutt those who attack you in melee.
You have a pair of horns on your head.


Message History

You slash the manticore!
The manticore is moderately wounded.
You slash the manticore!
The manticore is heavily wounded.
The manticore bites you!
* * * LOW HITPOINT WARNING * * *
The manticore barely misses you. The manticore closely misses you.
You hit the manticore.
The manticore is heavily wounded.
The manticore bites you.
* * * LOW HITPOINT WARNING * * *
The manticore barely misses you. The manticore claws you.
* * * LOW HITPOINT WARNING * * *
You closely miss the manticore.
The manticore is heavily wounded.
You hit the manticore.
There is a sudden explosion of sparks!
Your headbutt misses the manticore.
The manticore is severely wounded.
The manticore bites you!
You die...

### #.. #.. #.# ..# #.#
#.# #.# #[# #.# #.# #.#
#.#########.###
##.########.........?....
..$....H@.............###
.....######.#######......
. #.# #...### #.# ##.##
#(# #.# #.# #.# #.. ..#
### ###


You could see a manticore.

Vanquished Creatures
  An unseen horror (D:11)
  A griffon (D:12)
  A cyclops (D:11)
  An elephant (D:9)
  A gargoyle (D:10)
  A troll (D:10)
  A two-headed ogre (D:11)
  Grinder (D:3)
  A wyvern (D:10)
  A deep elf mage (D:11)
  A hungry ghost (D:9)
  Grum (D:11)
  7 yaks (D:10)
  3 wolves (D:11)
  A mottled dragon (D:10)
  A soldier ant (D:10)
  3 sky beasts
  A black bear (D:8)
  2 phantoms
  2 orc warriors
  A crocodile (D:9)
  A centaur (D:4)
  A necrophage (D:12)
  An ogre (D:10)
  6 giant frogs
  2 scorpions (D:11)
  A yak zombie (D:10)
  A killer bee (D:8)
  4 wights (D:9)
  A troll skeleton (D:9)
  2 goliath beetles (D:9)
  3 crimson imps
  An orc priest (D:10)
  A centaur zombie (D:11)
  3 orc wizards
  5 hounds
  2 iguanas
  2 worker ants
  4 sheep
  A killer bee zombie (D:8)
  An ogre zombie (D:5)
  A sky beast zombie (D:11)
  Ijyb (D:3)
  Jessica (D:3)
  Terence (D:3)
  3 gnolls (D:8)
  2 adders
  2 shadow imps
  A giant mite (D:11)
  An iguana skeleton (D:5)
  10 orcs
  3 bats (D:3)
  A giant cockroach (D:5)
  2 goblins
  8 hobgoblins
  4 jackals
  2 quokkas (D:11)
  A giant gecko (D:3)
  A gnoll skeleton (D:5)
  8 kobolds
  5 rats
  2 rat skeletons (D:5)
  A rat zombie (D:5)
137 creatures vanquished.

Vanquished Creatures (collateral kills)
  An orc (D:9)
1 creature vanquished.

Grand Total: 138 creatures vanquished

Notes
Turn   | Place    | Note
--------------------------------------------------------------
     0 | D:1      | timbw, the Minotaur Hunter, began the quest for the Orb.
     0 | D:1      | Reached XP level 1. HP: 18/18 MP: 1/1
   154 | D:3      | Noticed Terence
   164 | D:3      | Found a bloodstained altar of Trog.
   182 | D:3      | Killed Terence
   182 | D:3      | Reached skill level 1 in Armour
   182 | D:3      | Reached XP level 2. HP: 22/25 MP: 1/1
   223 | D:3      | Noticed Jessica
   235 | D:3      | Killed Jessica
   235 | D:3      | Reached XP level 3. HP: 26/31 MP: 2/2
   246 | D:3      | Found a shadowy altar of Dithmenos.
   497 | D:3      | Noticed Grinder
   498 | D:3      | Paralysed by Grinder for 2 turns
   525 | D:3      | Killed Grinder
   525 | D:3      | Reached skill level 5 in Long Blades
   525 | D:3      | Reached XP level 4. HP: 29/38 MP: 2/2
   525 | D:3      | Reached XP level 5. HP: 34/45 MP: 2/2
   562 | D:3      | Found a snail-covered altar of Cheibriados.
   592 | D:3      | Noticed Ijyb
   603 | D:3      | Killed Ijyb
   603 | D:3      | Reached XP level 6. HP: 47/51 MP: 3/3
   660 | D:4      | Reached skill level 6 in Long Blades
   760 | D:5      | Entered Level 5 of the Dungeon
   788 | D:5      | Found a staircase to the Ecumenical Temple.
   812 | Temple   | Entered the Ecumenical Temple
   889 | Temple   | Became a worshipper of Makhleb the Destroyer
  1011 | D:5      | HP: 2/51 [sky beast (5)]
  1012 | D:5      | Reached skill level 7 in Long Blades
  1143 | D:5      | Reached XP level 7. HP: 30/57 MP: 3/3
  1210 | D:6      | Found a shimmering altar of Xom.
  1350 | D:6      | Noticed Sigmund
  1381 | D:8      | Reached skill level 8 in Long Blades
  1393 | D:8      | Acquired Makhleb's first power
  1413 | D:8      | Noticed a queen bee
  1572 | D:8      | Reached XP level 8. HP: 36/67 MP: 1/3
  1597 | D:8      | Reached skill level 9 in Long Blades
  1626 | D:8      | Reached skill level 5 in Fighting
  1693 | D:9      | Acquired Makhleb's second power
  1907 | D:10     | Entered Level 10 of the Dungeon
  2002 | D:10     | Reached skill level 10 in Long Blades
  2002 | D:10     | Reached skill level 5 in Dodging
  2026 | D:10     | Reached skill level 5 in Armour
  2038 | D:10     | Reached XP level 9. HP: 40/75 MP: 2/4
  2220 | D:10     | Noticed a hill giant
  2296 | D:11     | Reached skill level 11 in Long Blades
  2458 | D:11     | Acquired Makhleb's third power
  2519 | D:11     | Noticed Grum
  2544 | D:11     | Killed an unseen horror
  2544 | D:11     | Reached skill level 12 in Long Blades
  2544 | D:11     | Reached XP level 10. HP: 5/86 MP: 0/4
  2692 | D:11     | Killed Grum
  2784 | D:11     | Noticed a cyclops
  2794 | D:11     | Killed a cyclops
  3060 | D:10     | Found an opulent altar of Gozag.
  3107 | D:10     | Noticed a troll
  3117 | D:10     | Killed a troll
  3239 | D:9      | Acquired Makhleb's fourth power
  3267 | D:9      | Found a staircase to the Lair.
  3267 | D:9      | Noticed an elephant
  3276 | D:9      | Killed an elephant
  3451 | D:10     | Reached skill level 13 in Long Blades
  3664 | D:12     | Noticed a griffon
  3678 | D:12     | Killed a griffon
  3698 | D:12     | Noticed a manticore
  3711 | D:12     | Slain by a manticore

Action                   |  1- 3 |  4- 6 |  7- 9 | 10-12 || total
-------------------------+-------+-------+-------+-------++-------
Melee: Short sword       |    34 |       |       |       ||    34
       Long sword        |    16 |    74 |     6 |       ||    96
       Falchion          |       |       |   227 |   184 ||   411
Throw: Javelin           |    11 |     1 |     4 |       ||    16
       Throwing net      |     2 |       |       |       ||     2
Invok: Lesser Servant of |       |       |       |     1 ||     1
Evoke: Wand              |       |       |     3 |       ||     3
  Use: Potion            |     5 |       |       |       ||     5
       Scroll            |     1 |     3 |     3 |     5 ||    12
 Stab: Paralysed         |       |       |     6 |       ||     6
  Eat: Chunk             |       |     1 |     1 |     1 ||     3
       Bread ration      |       |       |     1 |     1 ||     2
